General information
- name: BNet
- type: Ladder team game (AT/RT)
- host: Battle.net
- saver: GayTiMe.WeRRa
map: TwistedMeadows
- players: 4
- length: 12:53
- speed: Fast
- version: 1.24 W3XP
- replay type: Public
» download(77 KB)
Players
team 1 (winner)
CoLeGePaRtYeR17 (
pink | 99 APM | 1279 actions | 12:52)
4 Archmage
2 Summon Water Elemental
2 Brilliance Aura
2 Mountain King
1 Storm Bolt
1 Thunder Clap
» actions
| Assign group hotkey | 36 | |
| Basic commands | 69 | |
| Build / train | 40 | |
| Enter build submenu | 16 | |
| Enter hero's abilities submenu | 6 | |
| Right click | 623 | |
| Select / deselect | 307 | |
| Select group hotkey | 120 | |
| Use ability | 61 | |
1279 total
» units
| Peasant | 8 | |
| Footman | 6 | |
| Sorceress | 3 | |
| Priest | 4 | |
| Spell Breaker | 2 | |
23 total
» upgrades
| Defend | 1 | |
| Sorceress Training | 1 | |
| Priest Training | 1 | |
3 total
» buildings
| Altar of Kings | 2 | |
| Barracks | 1 | |
| Farm | 7 | |
| Scout Tower | 1 | |
| Keep | 1 | |
| Arcane Tower | 1 | |
| Arcane Vault | 1 | |
| Arcane Sanctum | 2 | |
| Lumber Mill | 1 | |
17 total
» build order
00:04 Altar of Kings
00:08 Altar of Kings
00:13 Barracks
00:33 Farm
01:15 Farm
01:47 Farm
02:08 Scout Tower
03:11 Keep
03:11 Arcane Tower
03:20 Arcane Vault
04:08 Farm
04:50 Farm
05:45 Arcane Sanctum
05:47 Arcane Sanctum
06:12 Farm
06:13 Farm
10:10 Lumber Mill
» items
| Scroll of Regeneration | 3 | |
| Potion of Healing | 1 | |
4 total
GayTiMe.WeRRa (
red | 123 APM | 1585 actions | 12:53)
4 Tauren Chieftain
2 War Stomp
2 Endurance Aura
3 Shadow Hunter
2 Hex
1 Healing Wave
» actions
| Assign group hotkey | 31 | |
| Basic commands | 132 | |
| Build / train | 50 | |
| Enter build submenu | 10 | |
| Enter hero's abilities submenu | 7 | |
| Right click | 642 | |
| Select / deselect | 400 | |
| Select group hotkey | 268 | |
| Use ability | 45 | |
1585 total
» units
| Peon | 6 | |
| Troll Headhunter/Berserker | 25 | |
31 total
» upgrades
» buildings
| Altar of Storms | 1 | |
| Orc Burrow | 5 | |
| War Mill | 1 | |
| Barracks | 1 | |
| Voodoo Lounge | 1 | |
| Stronghold | 1 | |
| Fortress | 2 | |
| Great Hall | 1 | |
13 total
» build order
00:04 Altar of Storms
00:07 Orc Burrow
00:24 War Mill
01:12 Barracks
01:51 Orc Burrow
02:14 Voodoo Lounge
05:24 Stronghold
05:26 Orc Burrow
06:24 Orc Burrow
08:55 Orc Burrow
11:57 Fortress
12:51 Great Hall
» items
| Healing Salve | 1 | |
| Lesser Clarity Potion | 2 | |
| Potion of Healing | 1 | |
| Scroll of Town Portal | 1 | |
5 total
team 2 (loser)
Fireman_Weezy (
teal | 62 APM | 793 actions | 12:51)
3 Priestess of the Moon
2 Trueshot Aura
1 Scout
» actions
| Assign group hotkey | 24 | |
| Basic commands | 7 | |
| Build / train | 38 | |
| Enter build submenu | 10 | |
| Enter hero's abilities submenu | 3 | |
| Remove unit from queue | 2 | |
| Right click | 413 | |
| Select / deselect | 145 | |
| Select group hotkey | 121 | |
| Use ability | 30 | |
793 total
» units
» upgrades
| Ultravision | 1 | |
| Strength of the Moon | 1 | |
| Moon Armor | 1 | |
3 total
» buildings
| Altar of Elders | 1 | |
| Moon Well | 4 | |
| Ancient of War | 2 | |
| Hunter's Hall | 1 | |
| Tree of Life | 1 | |
9 total
» build order
00:09 Altar of Elders
00:18 Moon Well
01:17 Ancient of War
01:36 Moon Well
02:17 Hunter's Hall
02:40 Ancient of War
04:05 Moon Well
06:04 Tree of Life
06:34 Moon Well
SexyLance19 (
blue | 72 APM | 929 actions | 12:51)
3 Death Knight
2 Death Coil
1 Unholy Aura
1 Lich
1 Frost Nova
1 Pit Lord
1 Howl of Terror
» actions
| Assign group hotkey | 9 | |
| Basic commands | 22 | |
| Build / train | 62 | |
| Enter build submenu | 9 | |
| Enter hero's abilities submenu | 5 | |
| Give item / drop item | 1 | |
| Remove unit from queue | 1 | |
| Right click | 473 | |
| Select / deselect | 214 | |
| Select group hotkey | 54 | |
| Use ability | 78 | |
929 total
» units
| Acolyte | 2 | |
| Ghoul | 2 | |
| Crypt Fiend | 17 | |
| Obsidian Statue | 3 | |
| Meatwagon | 1 | |
25 total
» upgrades
| Creature Attack | 1 | |
| Creature Carapace | 1 | |
| Burrow | 1 | |
| Destroyer Form | 1 | |
4 total
» buildings
| Crypt | 1 | |
| Graveyard | 1 | |
| Altar of Darkness | 1 | |
| Ziggurat | 4 | |
| Tomb of Relics | 1 | |
| Nerubian Tower | 3 | |
| Halls of the Dead | 1 | |
| Slaughterhouse | 1 | |
| Black Citadel | 5 | |
18 total
» build order
00:07 Crypt
00:10 Graveyard
00:30 Altar of Darkness
00:37 Ziggurat
00:51 Tomb of Relics
01:43 Ziggurat
02:11 Nerubian Tower
02:11 Nerubian Tower
03:58 Halls of the Dead
04:52 Ziggurat
06:11 Ziggurat
06:27 Slaughterhouse
08:10 Black Citadel
08:10 Black Citadel
08:10 Black Citadel
» items
| Rod of Necromancy | 4 | |
| Dust of Appearance | 1 | |
| Potion of Healing | 1 | |
| Potion of Mana | 1 | |
7 total
Chat log
(00:35 / All) GayTiMe.WeRRa: rememba when da towaz blew up
(00:39 / All) GayTiMe.WeRRa: When biggie got shot
(00:41 / All) GayTiMe.WeRRa: and so did pac?
(00:46 / All) SexyLance19: and u fucking suck?
(00:56 / All) GayTiMe.WeRRa: we will see
(00:56 / All) CoLeGePaRtYeR17: wana no how many chix i fuxÉ
(00:58 / All) CoLeGePaRtYeR17: 17
(01:02 / All) CoLeGePaRtYeR17: wanna no wat i do?
(01:03 / All) CoLeGePaRtYeR17: colege
(01:10 / All) CoLeGePaRtYeR17: wana no what i do the?
(01:11 / All) CoLeGePaRtYeR17: party
(11:42 / All) GayTiMe.WeRRa: good job nerds
(12:50 / All) Fireman_Weezy: gg